 Dungeon Crawl Stone Soup version 0.28.0-45-g0d030f2227 (webtiles) character file.

Game seed: 16919626053452104022

58 ImHallYall the Shield-Bearer (level 3, -1/31 HPs)
             Began as a Demigod Fighter on Apr 6, 2022.
             Slain by a gnoll
             ... wielding a +0 spear
              (6 damage)
             ... on level 2 of the Dungeon.
             The game lasted 00:03:01 (1694 turns).

ImHallYall the Shield-Bearer (Demigod Fighter)      Turns: 1694, Time: 00:03:01

Health: -1/31      AC:  7    Str: 17    XL:     3   Next: 52%
Magic:  5/5        EV:  9    Int: 10    God:
Gold:   33         SH:  5    Dex: 17    Spells: 2/2 levels left

rFire   . . .      SeeInvis .   a - +0 long sword
rCold   . . .      Faith    .   c - +0 buckler
rNeg    . . .      Spirit   .   b - +0 scale mail
rPois   .          Reflect  .   (no helmet)
rElec   .          Harm     .   (no cloak)
rCorr   .          Rampage  .   (no gloves)
Will    .....                   j - +0 pair of boots
Stlth   ..........              (no amulet)
HPRegen 0.10/turn               (no ring)
MPRegen 0.09/turn               (no ring)

@: mighty
A: high MP 1, forlorn, divine attributes
a: no special abilities


You were on level 2 of the Dungeon.
You visited 1 branch of the dungeon, and saw 2 of its levels.

You collected 33 gold pieces.

Inventory:

Hand Weapons
 a - a +0 long sword (weapon)
Armour
 b - a +0 scale mail (worn)
 c - a +0 buckler (worn)
 j - a +0 pair of boots (worn)
Scrolls
 f - 2 scrolls of vulnerability
 i - a scroll of fog {unknown}
Potions
 e - a potion of heal wounds {unknown}
 g - 3 potions of lignification {unknown}


   Skills:
 + Level 3.0 Fighting
 + Level 2.5 Long Blades
 + Level 3.1 Armour
 + Level 0.4 Dodging
 + Level 3.1 Shields


You had 2 spell levels left.
You didn't know any spells.
Your spell library was empty.

Dungeon Overview and Level Annotations

Branches:
Dungeon (2/15)


Innate Abilities, Weirdness & Mutations

You have an increased reservoir of magic. (+10% MP)
You shall have no god before yourself.
Your divine heritage dramatically boosts your attributes as you level up.


Message History

As you read the scroll labelled HOTYITSUXO, it crumbles to dust.
You feel strangely unstable.
It was a scroll of teleportation.
Your surroundings suddenly seem different.
An adder, 2 gnolls and a dart slug come into view.
Found a coppery potion and a scroll of teleportation.
The adder hisses angrily.
The gnoll shouts!
You hear a shout!
A gnoll comes into view. It is wielding a +0 spear.
The gnoll shouts!
The gnoll barely misses you.
You slash the gnoll!
The gnoll is severely wounded.
The gnoll closely misses you.
A gnoll comes into view. It is wielding a +0 halberd.
The gnoll completely misses you.
You hit the gnoll.
You kill the gnoll!
The gnoll hits you from afar with a +0 spear.
You block the gnoll's attack.
The gnoll hits you from afar with a +0 spear.
The gnoll hits you but does no damage. You block the gnoll's attack.
You see here a +0 club.
You hit the gnoll.
The gnoll is lightly wounded.
The gnoll hits you from afar with a +0 spear.
You hit the gnoll.
The gnoll is lightly wounded.
The gnoll hits you with a +0 spear. You block the gnoll's attack.
You block the dart slug's attack.
You slash the gnoll!
The gnoll is almost dead.
The gnoll closely misses you. You block the gnoll's attack.
The gnoll hits you from afar with a +0 spear.
The dart slug launches a dart at you. The slug dart hits you.
* * * LOW HITPOINT WARNING * * *
You block the gnoll's attack. The gnoll hits you with a +0 halberd.
* * * LOW HITPOINT WARNING * * *
You feel very mighty all of a sudden. The gnoll hits you with a +0 spear.
You die...

#.# #.#
#.# #.#
..
#.###....
#...wS...
#S# #w#
#@#
#...gg#
#...g#.#
.......?.
##... #.#
#.#. .##
#.## ##
.## .#
#.####
#.## .#


You could see 3 gnolls, an adder and a dart slug.

Vanquished Creatures
  An adder (D:2)
  A gnoll (D:2)
  A worm (D:2)
  2 dart slugs (D:1)
  3 bats
  4 endoplasms
  2 giant cockroaches (D:1)
  2 goblins (D:1)
  3 hobgoblins (D:1)
  2 quokkas (D:1)
  4 ball pythons
  4 kobolds (D:1)
  2 rats (D:1)
31 creatures vanquished.

Vanquished Creatures (others)
  3 plants (D:1)
3 creatures vanquished.

Grand Total: 34 creatures vanquished

Notes
Turn   | Place    | Note
-------+----------+-------------------------------------------
     0 | D:1      | ImHallYall the Demigod Fighter began the quest for the Orb.
     0 | D:1      | Reached XP level 1. HP: 18/18 MP: 3/3
   517 | D:1      | Reached XP level 2. HP: 25/25 MP: 4/4
  1556 | D:2      | Reached XP level 3. HP: 29/30 MP: 5/5
  1694 | D:2      | Slain by a gnoll

Illustrated notes

Levels and vault maps discovered:
D:1:      dpeg_arrival_short_road, layout_loops_cross,
          ebering_ecumenical_altar_petrified, columned_hall_lemuel,
          serial_bayou_ford_a
D:2:      layout_loops_ring, basic_altar

Skill      XL: |  1  2  3 |
---------------+----------+-----
Long Blades    | 2 |  2.5
Shields        | 3 |  3.1
Armour         | 3 |  3.1
Fighting       | 3 |  3.0
Dodging        | |  0.4

Action                   || total
-------------------------++-------
Melee: Long sword        ||   118
  Use: Scroll            ||     2
       Potion            ||     1
Armor: Scale mail        ||    87
Dodge: Dodged            ||    85
Block: Buckler           ||    49
